SNL (28 & UNDER)
BEAUMONT ROUGHNECKS @ WEST VIRGINIA POWER
09/01/2029
 
TOP OF THE 1ST
Beaumont Roughnecks batting - Pitching for West Virginia Power : RHP Luis García
Pitching: RHP Luis García
Batting: RHB John James 0-0: Ball
1-0: Ball
2-0: Ball
3-0: Base on Balls
Batting: RHB Jeff Mason 0-0: Called Strike
0-1: Foul Ball, location: 2F
0-2: Strikes out swinging
Batting: LHB Roberto Félix 0-0: Swinging Strike
0-1: Ball
1-1: Ball
2-1: Swinging Strike
2-2: Foul Ball, location: 2F
2-2: Fly out, F7 (Flyball, 78D)
Batting: RHB Roger Rush 0-0: Fly out, F7 (Flyball, 7D)
Top of the 1st over - 0 runs, 0 hits, 0 errors, 1 left on base; Beaumont 0 - West Virginia 0
BOTTOM OF THE 1ST
West Virginia Power batting - Pitching for Beaumont Roughnecks : RHP Carlos Sánchez
Pitching: RHP Carlos Sánchez
Batting: RHB Matt Tucker 0-0: SINGLE (Groundball, 4MD)
Batting: RHB Pedro Echevarría 0-0: Called Strike
0-1: Ball
1-1: Swinging Strike
1-2: Strikes out swinging
Batting: RHB Luis Quezada 0-0: Ball
1-0: Ball
2-0: Called Strike
2-1: Called Strike
2-2: Ball
3-2: Grounds into double play, 6-4-3 (Groundball, 6M)
Bottom of the 1st over - 0 runs, 1 hit, 0 errors, 0 left on base; Beaumont 0 - West Virginia 0
TOP OF THE 2ND
Beaumont Roughnecks batting - Pitching for West Virginia Power : RHP Luis García
Batting: LHB Enrique Cruz 0-0: Ball
1-0: Swinging Strike
1-1: Ball
2-1: Called Strike
2-2: Strikes out swinging
Batting: RHB Marvin Johnson 0-0: DOUBLE (Line Drive, 7LM)
Batting: RHB António Aguilar 0-0: Fly out, F4 (Line Drive, 34D)
Lined into DP, 4-6 (Line Drive, 34D)
Top of the 2nd over - 0 runs, 1 hit, 0 errors, 0 left on base; Beaumont 0 - West Virginia 0
BOTTOM OF THE 2ND
West Virginia Power batting - Pitching for Beaumont Roughnecks : RHP Carlos Sánchez
Batting: RHB Joe Salas 0-0: Ball
1-0: Ground out 3-1 (Groundball, 34S)
Batting: RHB Will Stafford 0-0: Called Strike
0-1: SOLO HOME RUN (Line Drive, 7D), Distance : 376 ft
Batting: RHB Millard Walker 0-0: Ball
1-0: Ground out 1-3 (Groundball, P)
Batting: RHB Luis Árias 0-0: Foul Ball, location: 2F
0-1: Foul Ball, location: 2F
0-2: Ball
1-2: Foul Ball, location: 2F
1-2: Strikes out swinging
Bottom of the 2nd over - 1 run, 1 hit, 0 errors, 0 left on base; Beaumont 0 - West Virginia 1
TOP OF THE 3RD
Beaumont Roughnecks batting - Pitching for West Virginia Power : RHP Luis García
Batting: RHB Miguel Costa 0-0: Ball
1-0: Ball
2-0: Called Strike
2-1: Ball
3-1: Base on Balls
Batting: SHB Walton Locke 0-0: Ball
Miguel Costa steals 2nd base
1-0: Foul Ball, location: 2F
1-1: Foul Ball, location: 2F
1-2: Ground out 6-3 (Groundball, 6)
Batting: RHB John James 0-0: Called Strike
0-1: Foul Ball, location: 2F
0-2: Ball
1-2: Foul Ball, location: 2F
1-2: Foul Ball, location: 2F
1-2: Strikes out swinging
Batting: RHB Jeff Mason 0-0: Called Strike
0-1: Ball
1-1: Called Strike
1-2: Strikes out swinging
Top of the 3rd over - 0 runs, 0 hits, 0 errors, 1 left on base; Beaumont 0 - West Virginia 1
BOTTOM OF THE 3RD
West Virginia Power batting - Pitching for Beaumont Roughnecks : RHP Carlos Sánchez
Batting: RHB Julián Garza 0-0: Ball
1-0: Ball
2-0: Called Strike
2-1: SINGLE (Groundball, 34D)
Batting: RHB Roberto Chávez 0-0: Ball
1-0: 2-RUN HOME RUN (Line Drive, 7D), Distance : 381 ft
Batting: RHB Matt Tucker 0-0: Ball
1-0: SINGLE (Groundball, 6MD)
Batting: RHB Pedro Echevarría 0-0: Called Strike
0-1: SINGLE (Groundball, 6MD)
Matt Tucker to second
Batting: RHB Luis Quezada 0-0: Ball
1-0: Ball
2-0: Called Strike
2-1: Foul Ball, location: 2F
2-2: Foul Ball, location: 2F
2-2: SINGLE (Groundball, 6MD)
Matt Tucker to third
Pedro Echevarría to second
Runner from 3rd tries for Home, SAFE, no throw
Batting: RHB Joe Salas 0-0: Ball
1-0: Fly out, F8 (Flyball, 8LD)
Batting: RHB Will Stafford 0-0: Ball
1-0: Fielders Choice at 2nd, 6-4 (Groundball, 6)
Pedro Echevarría to third
Batting: RHB Millard Walker 0-0: Swinging Strike
0-1: Ball
Will Stafford steals 2nd base
1-1: Fly out, F9 (Flyball, 89S)
Bottom of the 3rd over - 3 runs, 5 hits, 0 errors, 2 left on base; Beaumont 0 - West Virginia 4
TOP OF THE 4TH
Beaumont Roughnecks batting - Pitching for West Virginia Power : RHP Luis García
Batting: LHB Roberto Félix 0-0: Swinging Strike
0-1: Foul Ball, location: 2F
0-2: Strikes out swinging
Batting: RHB Roger Rush 0-0: Ball
1-0: Foul Ball, location: 2F
1-1: Ball
2-1: Ball
3-1: Base on Balls
Batting: LHB Enrique Cruz 0-0: Called Strike
0-1: SINGLE (Line Drive, 7S)
Roger Rush to second
Batting: RHB Marvin Johnson 0-0: Foul Ball, location: 2F
0-1: Swinging Strike
0-2: Ball
1-2: Hit by Pitch
Roger Rush to third
Enrique Cruz to second
Batting: RHB António Aguilar 0-0: Fielders Choice at 2nd, 4-6 (Groundball, 4)
Roger Rush scores
Enrique Cruz to third
Batting: RHB Miguel Costa 0-0: Ball
1-0: Called Strike
1-1: Called Strike
1-2: Ball
2-2: Ball
3-2: Foul Ball, location: 2F
3-2: Foul Ball, location: 2F
3-2: Base on Balls
António Aguilar to second
Batting: SHB Walton Locke 0-0: Called Strike
0-1: Ball
1-1: Foul Ball, location: 2F
1-2: Ball
2-2: Foul Ball, location: 2F
2-2: Foul Ball, location: 2F
2-2: Fly out, F7 (Flyball, 7S)
Top of the 4th over - 1 run, 1 hit, 0 errors, 3 left on base; Beaumont 1 - West Virginia 4
BOTTOM OF THE 4TH
West Virginia Power batting - Pitching for Beaumont Roughnecks : RHP Carlos Sánchez
Batting: RHB Luis Árias 0-0: Foul Ball, location: 2F
0-1: Ball
1-1: Swinging Strike
1-2: Ball
2-2: Ball
3-2: Fly out, F8 (Flyball, 8RS)
Batting: RHB Julián Garza 0-0: Called Strike
0-1: Single, Error in OF, E8, batter to second base
Batting: RHB Roberto Chávez 0-0: Ball
1-0: Ball
2-0: Called Strike
2-1: SINGLE (Flyball, 8RM)
Julián Garza to third
Batting: RHB Matt Tucker 0-0: Ball
1-0: Foul Ball, location: 2F
1-1: Swinging Strike
1-2: Strikes out swinging
Batting: RHB Pedro Echevarría 0-0: Ball
1-0: Foul Ball, location: 2F
1-1: Fielders Choice at 2nd, 5-4 (Groundball, 5)
Bottom of the 4th over - 0 runs, 2 hits, 1 error, 2 left on base; Beaumont 1 - West Virginia 4
TOP OF THE 5TH
Beaumont Roughnecks batting - Pitching for West Virginia Power : RHP Luis García
Batting: RHB John James 0-0: Ball
1-0: Swinging Strike
1-1: Foul Ball, location: 2F
1-2: Ball
2-2: Ball
3-2: Ground out 5-3 (Groundball, 56)
Batting: RHB Jeff Mason 0-0: Ball
1-0: Ball
2-0: Ball
3-0: Called Strike
3-1: TRIPLE (Flyball, 89XD)
Batting: LHB Roberto Félix 0-0: Called Strike
0-1: Foul Ball, location: 2F
0-2: Fly out, F7 (Flyball, 7)
Runner from 3rd tags up, SCORES, throw made
Batting: RHB Roger Rush 0-0: Called Strike
0-1: Foul Ball, location: 2F
0-2: Strikes out swinging
Top of the 5th over - 1 run, 1 hit, 0 errors, 0 left on base; Beaumont 2 - West Virginia 4
BOTTOM OF THE 5TH
West Virginia Power batting - Pitching for Beaumont Roughnecks : RHP Carlos Sánchez
Batting: RHB Luis Quezada 0-0: Called Strike
0-1: SINGLE (Line Drive, 6MD)
Batting: RHB Joe Salas 0-0: Called Strike
0-1: Hit by Pitch
Luis Quezada to second
Pitching: RHP Fernando Guzmán
Batting: RHB Will Stafford 0-0: Called Strike
0-1: Ball
1-1: Swinging Strike
1-2: Ball
2-2: Foul Ball, location: 2F
2-2: Strikes out swinging
Batting: RHB Millard Walker 0-0: Ball
Joe Salas steals 2nd base
Luis Quezada to third
1-0: Called Strike
1-1: Foul Ball, location: 2F
1-2: Strikes out swinging
Batting: RHB Luis Árias 0-0: Ball
1-0: Swinging Strike
1-1: Foul Ball, location: 2F
1-2: Foul Ball, location: 2F
1-2: Strikes out looking
Bottom of the 5th over - 0 runs, 1 hit, 0 errors, 2 left on base; Beaumont 2 - West Virginia 4
TOP OF THE 6TH
Beaumont Roughnecks batting - Pitching for West Virginia Power : RHP Luis García
Batting: LHB Enrique Cruz 0-0: Called Strike
0-1: Ball
1-1: Foul Ball, location: 2F
1-2: Strikes out looking
Batting: RHB Marvin Johnson 0-0: Called Strike
0-1: Ball
1-1: Reached on error, E6 (Groundball, 6)
Batting: RHB António Aguilar 0-0: SINGLE (Line Drive, 89S)
Marvin Johnson to second
Batting: RHB Miguel Costa 0-0: Ball
1-0: Ball
2-0: Ball
3-0: Foul Ball, location: 2F
3-1: Foul Ball, location: 2F
3-2: 3-RUN HOME RUN (Flyball, 7D), Distance : 351 ft
Batting: SHB Walton Locke 0-0: Ball
1-0: Ball
2-0: Called Strike
2-1: Ball
3-1: SINGLE (Line Drive, 4D)
Pitching: RHP Bill Hendricks
Batting: RHB John James 0-0: Called Strike
0-1: Ball
1-1: Foul Ball, location: 2F
1-2: Ground out 5-3 (Groundball, 5)
Walton Locke to second
Batting: RHB Jeff Mason 0-0: Called Strike
0-1: Foul Ball, location: 2F
0-2: Strikes out looking
Top of the 6th over - 3 runs, 3 hits, 1 error, 1 left on base; Beaumont 5 - West Virginia 4
BOTTOM OF THE 6TH
West Virginia Power batting - Pitching for Beaumont Roughnecks : RHP Fernando Guzmán
Batting: RHB Julián Garza 0-0: Called Strike
0-1: Ball
1-1: Called Strike
1-2: Foul Ball, location: 2F
1-2: Ball
2-2: Strikes out looking
Batting: RHB Roberto Chávez 0-0: Called Strike
0-1: Fly out, F8 (Flyball, 8LD)
Batting: RHB Matt Tucker 0-0: Called Strike
0-1: Ball
1-1: Foul Ball, location: 2F
1-2: Ball
2-2: Foul Ball, location: 2F
2-2: Foul Ball, location: 2F
2-2: Ball
3-2: Foul Ball, location: 2F
3-2: Strikes out swinging, 2-3 out at first.
Bottom of the 6th over - 0 runs, 0 hits, 0 errors, 0 left on base; Beaumont 5 - West Virginia 4
TOP OF THE 7TH
Beaumont Roughnecks batting - Pitching for West Virginia Power : RHP Bill Hendricks
Batting: LHB Roberto Félix 0-0: Called Strike
0-1: Called Strike
0-2: Ball
1-2: Strikes out swinging
Batting: RHB Roger Rush 0-0: Called Strike
0-1: Ball
1-1: Ground out 6-3 (Groundball, 6)
Batting: LHB Enrique Cruz 0-0: Ball
1-0: Called Strike
1-1: Called Strike
1-2: Ball
2-2: Strikes out looking
Top of the 7th over - 0 runs, 0 hits, 0 errors, 0 left on base; Beaumont 5 - West Virginia 4
BOTTOM OF THE 7TH
West Virginia Power batting - Pitching for Beaumont Roughnecks : RHP Fernando Guzmán
Batting: RHB Pedro Echevarría 0-0: Called Strike
0-1: Ball
1-1: Foul Ball, location: 2F
1-2: Strikes out swinging
Batting: RHB Luis Quezada 0-0: Called Strike
0-1: Ball
1-1: Ball
2-1: Swinging Strike
2-2: Ball
3-2: Base on Balls
Batting: RHB Joe Salas 0-0: Called Strike
0-1: Ball
Wild Pitch!
Luis Quezada to second
1-1: Swinging Strike
1-2: Ball
2-2: Foul Ball, location: 2F
2-2: Strikes out swinging
Pinch Hitting: LHB Robin Jamieson 0-0: Ball
1-0: Ground out 4-3 (Groundball, 4M)
Bottom of the 7th over - 0 runs, 0 hits, 0 errors, 1 left on base; Beaumont 5 - West Virginia 4
TOP OF THE 8TH
Beaumont Roughnecks batting - Pitching for West Virginia Power : RHP Bill Hendricks
Now at SS: Nick Mackin
Batting: RHB Marvin Johnson 0-0: Swinging Strike
0-1: Called Strike
0-2: Strikes out swinging
Batting: RHB António Aguilar 0-0: Ground out 5-3 (Groundball, 56)
Batting: RHB Miguel Costa 0-0: Ball
1-0: Fly out, F5 (Popup, 5SF)
Top of the 8th over - 0 runs, 0 hits, 0 errors, 0 left on base; Beaumont 5 - West Virginia 4
BOTTOM OF THE 8TH
West Virginia Power batting - Pitching for Beaumont Roughnecks : RHP Fernando Guzmán
Pitching: RHP Cliff Wolfe
Batting: RHB Millard Walker 0-0: Ball
1-0: Ball
2-0: Foul Ball, location: 2F
2-1: Foul Ball, location: 2F
2-2: Strikes out swinging
Batting: RHB Luis Árias 0-0: Called Strike
0-1: Fly out, F8 (Flyball, 8LXD)
Batting: RHB Julián Garza 0-0: Foul Ball, location: 2F
0-1: Ball
1-1: Called Strike
1-2: Ball
2-2: Foul Ball, location: 2F
2-2: Strikes out swinging
Bottom of the 8th over - 0 runs, 0 hits, 0 errors, 0 left on base; Beaumont 5 - West Virginia 4
TOP OF THE 9TH
Beaumont Roughnecks batting - Pitching for West Virginia Power : RHP Bill Hendricks
Batting: SHB Walton Locke 0-0: Called Strike
0-1: Ball
1-1: Ball
2-1: SINGLE (Groundball, 6MD)
Batting: RHB John James 0-0: Called Strike
0-1: Bunted foul
0-2: SINGLE (Groundball, 3D)
Walton Locke to second
Runner from 2nd tries for 3rd, SAFE, no throw
Batting: RHB Jeff Mason 0-0: Ball
1-0: Foul Ball, location: 2F
1-1: Ball
2-1: Fly out, F8 (Flyball, 8RD)
Runner from 3rd tags up, SCORES, throw made
Batting: LHB Roberto Félix 0-0: Ground out 5-3 (Groundball, 56S)
John James to second
Batting: RHB Roger Rush 0-0: Fly out, F6 (Flyball, 6D)
Top of the 9th over - 1 run, 2 hits, 0 errors, 1 left on base; Beaumont 6 - West Virginia 4
BOTTOM OF THE 9TH
West Virginia Power batting - Pitching for Beaumont Roughnecks : RHP Cliff Wolfe
Batting: RHB Roberto Chávez 0-0: Ball
1-0: Ball
2-0: Called Strike
2-1: Foul Ball, location: 2F
2-2: Strikes out swinging
Batting: RHB Matt Tucker 0-0: Ball
1-0: SINGLE (Groundball, 34D)
Batting: RHB Pedro Echevarría 0-0: Ball
1-0: Foul Ball, location: 2F
1-1: Ball
2-1: Swinging Strike
2-2: Foul Ball, location: 2F
2-2: Ball
3-2: Foul Ball, location: 2F
3-2: Base on Balls
Matt Tucker to second
Batting: RHB Luis Quezada 0-0: Called Strike
0-1: Foul Ball, location: 2F
0-2: Foul Ball, location: 2F
0-2: Ball
1-2: Ball
2-2: Ball
3-2: Fielders Choice at 2nd, 3-6 (Groundball, 3)
Matt Tucker to third
Batting: RHB Joe Salas 0-0: Ball
1-0: Swinging Strike
1-1: Foul Ball, location: 2F
1-2: Strikes out looking
Bottom of the 9th over - 0 runs, 1 hit, 0 errors, 2 left on base; Beaumont 6 - West Virginia 4
Saturday, December 16th, 2017 - OOTP Baseball 18.8 Build 76